 Dungeon Crawl Stone Soup version 0.17-a0-186-g8d083fd (webtiles) character file.

614 squibie the Slasher (level 7, -6/53 HPs)
             Began as a Demigod Gladiator on Mar 27, 2015.
             Killed from afar by Pikel (14 damage)
             ... with a wand of cold
             ... on level 4 of the Dungeon.
             The game lasted 00:08:15 (3343 turns).

squibie the Slasher (Demigod Gladiator)             Turns: 3343, Time: 00:08:15

Health: -6/53      AC:  4    Str: 18    XL:     7   Next: 0%
Magic:  12/12      EV: 13    Int: 12    God:
Gold:   217        SH:  0    Dex: 20    Spells: 0 memorised, 6 levels left

rFire  . . .     SeeInvis +     a - +0 long sword
rCold  . . .     Clarity  +     b - +0 leather armour
rNeg   . . .     SustAb   +     (no shield)
rPois  .         Gourm    .     c - +0 helmet
rElec  .         Spirit   .     (no cloak)
rCorr  .         Warding  .     (no gloves)
rMut   .         Stasis   .     (no boots)
MR     .....                    p - amulet of clarity
Stlth  ++........               (no ring)
                                x - ring of see invisible

@: not resistant to hostile enchantments, unstealthy
A: sustain abilities
a: no special abilities


You were on level 4 of the Dungeon.
You were not hungry.

You visited 1 branch of the dungeon, and saw 4 of its levels.

You collected 217 gold pieces.

Inventory:

Hand weapons
 a - a +0 long sword (weapon)
Missiles
 d - 3 tomahawks (quivered)
Armour
 b - a +0 leather armour (worn)
 c - a +0 helmet (worn)
 i - a +0 leather armour
 r - a +0 robe
 t - a +0 plate armour
Jewellery
 p - an amulet of clarity (around neck)
 x - a ring of see invisible (left hand)
 y - an uncursed amulet of resist mutation
Magical devices
 w - a wand of confusion (18)
Scrolls
 g - a scroll of fog {unknown}
 h - a scroll of remove curse
 k - 2 scrolls of immolation {unknown}
 l - a scroll of fear {unknown}
 m - 5 scrolls of identify
 o - a scroll of enchant armour {unknown}
 v - a scroll of amnesia {unknown}
 A - a scroll of teleportation {unknown}
Potions
 e - a potion of cure mutation {unknown}
 j - 2 potions of haste
 z - a potion of heal wounds {unknown}
 B - a potion of curing {unknown}
Comestibles
 f - 3 bread rations
 n - a meat ration
 q - a beef jerky
 s - 3 fruits


   Skills:
 - Level 1.7 Fighting
 + Level 7.7 Long Blades
 - Level 1.7 Throwing
 - Level 2.6 Dodging


You had 6 spell levels left.
You didn't know any spells.

Dungeon Overview and Level Annotations

Branches:
Dungeon (4/15)
 Temple: D:4-7

Annotations:
D:4 Pikel


Innate Abilities, Weirdness & Mutations

Your attributes are resistant to harm.


Message History

Throwing (i - inventory. (,) - cycle):
u - a throwing net (quivered)
Press: ? - help, Shift-Dir - straight line, f - Pikel
Aim: Pikel, wielding a whip of electrocution and wearing a robe You throw a throwing net.
The throwing net closely misses Pikel.
You closely miss Pikel.
Pikel hits you with a whip of electrocution!
You hit Pikel!
Pikel is moderately wounded.
Pikel barely misses you.
You hit Pikel.
Pikel is moderately wounded.
Pikel zaps a wand.
The bolt of cold hits you!
It is a wand of cold.
You hit Pikel!
Pikel is severely wounded.
Pikel misses you. The slave hits you!
* * * LOW HITPOINT WARNING * * *
You hit Pikel.
Pikel is almost dead.
Pikel zaps a wand.
The bolt of cold hits you!
You die...

.(.####>.......#.#...#..###
...............#...#.#..#
)########..........#..#.# .
##............#.# .
####.#....###### #
#.#......# # #...#..#.# #
##.#..##.# # >..#@## .. ##
#.#.pK# ### .######## .
#.p## .##....... #.p#
....## #... ##...## ##..##
###...# ....######p.
##..#.# .##.......p#
#..##.# ###. #.p.#


You could see Pikel and 3 slaves.

Vanquished Creatures
  An orc warrior (D:3)
  A slave (D:4)
  A black bear (D:3)
  The ghost of squibie the Skirmisher, an average DgWn (D:3)
  A phantom (D:4)
  A giant frog skeleton (D:4)
  An iguana (D:3)
  2 hounds (D:4)
  5 adders
  3 worms
  An adder skeleton (D:4)
  An ooze (D:4)
  7 orcs
  A ball python (D:2)
  9 bats
  2 giant cockroaches
  7 goblins
  11 hobgoblins
  4 jackals (D:1)
  10 kobolds
  5 giant newts
  A jackal skeleton (D:4)
  12 rats
88 creatures vanquished.

Notes
Turn   | Place    | Note
--------------------------------------------------------------
     0 | D:1      | squibie, the Demigod Gladiator, began the quest for the Orb.
     0 | D:1      | Reached XP level 1. HP: 17/17 MP: 2/2
    97 | D:1      | Reached skill level 3 in Long Blades
   147 | D:1      | Reached XP level 2. HP: 21/24 MP: 3/3
   732 | D:2      | Reached XP level 3. HP: 18/29 MP: 5/5
   758 | D:2      | Found a blossoming altar of Fedhas.
   776 | D:2      | Reached skill level 4 in Long Blades
  1327 | D:2      | Found a glowing golden altar of the Shining One.
  1844 | D:3      | Reached XP level 4. HP: 29/36 MP: 7/7
  1862 | D:3      | Noticed an orc warrior
  1879 | D:3      | Killed an orc warrior
  1879 | D:3      | Reached skill level 5 in Long Blades
  1879 | D:3      | Reached XP level 5. HP: 33/41 MP: 8/8
  2273 | D:3      | Noticed squibie's ghost (average DgWn)
  2295 | D:3      | Killed squibie's ghost
  2295 | D:3      | Reached skill level 6 in Long Blades
  2306 | D:3      | Reached XP level 6. HP: 9/48 MP: 10/10
  2919 | D:4      | Noticed Pikel
  2984 | D:4      | Reached skill level 7 in Long Blades
  3249 | D:4      | Reached XP level 7. HP: 32/53 MP: 12/12
  3343 | D:4      | Killed from afar by Pikel

Action                   |  1- 3 |  4- 6 |  7- 9 || total
-------------------------+-------+-------+-------++-------
Melee: Long sword        |   147 |   151 |     6 ||   304
Throw: Throwing net      |     3 |     4 |     1 ||     8
  Use: Scroll            |       |     2 |       ||     2
 Stab: Held in net/web   |     3 |     1 |       ||     4
       Sleeping          |     2 |     1 |       ||     3
       Distracted        |       |     1 |       ||     1
  Eat: Chunk             |     3 |     4 |     1 ||     8
